 Dungeon Sprint DCSS version 0.23-a0-696-gf95311e5ea (webtiles) character file.

765 Denreik the Fighter (level 8, -4/77 (81) HPs)
             Began as a Formicid Fighter on Jan 12, 2019.
             Slain by a tyrant leech (16 damage)
             ... in the Dungeon (Sprint II: "The Violet Keep of Menkaure").
             The game lasted 00:01:00 (131 turns).

Denreik the Fighter (Formicid Fighter)               Turns: 131, Time: 00:01:01

HP:   -4/77 (81)    AC:  6    Str: 28    XL:     8   Next: 8%
MP:   8/8           EV: 10    Int:  8    God:
Gold: 243           SH: 13    Dex: 10    Spells: 7/7 levels left

rFire    . . .     SeeInvis +   a - +0 quarterstaff
rCold    . . .     Gourm    .   c - +0 shield
rNeg     . . .     Faith    .   b - +0 scale mail
rPois    .         Spirit   .   (helmet unavailable)
rElec    .         Reflect  .   (no cloak)
rCorr    .         Harm     .   (no gloves)
MR       .....                  (no boots)
Stlth    ..........             (no amulet)
HPRegen  0.22/turn              (no ring)
MPRegen  0.11/turn              (no ring)

@: mighty
A: permanent stasis, dig shafts and tunnels, four strong arms, antennae 3
a: Dig


You were in the Dungeon.
You were not hungry.

You visited 1 branch You collected 243 gold pieces.

Inventory:

Hand Weapons
 a - a +0 quarterstaff (weapon)
Armour
 b - a +0 scale mail (worn)
 c - a +0 shield (worn)
Scrolls
 k - a scroll of blinking
Potions
 e - a potion of curing
 g - a potion of heal wounds
 h - a potion of haste
 i - 2 potions of magic
 j - a potion of berserk rage
Comestibles
 d - a chunk of flesh
 f - a ration


   Skills:
 * Level 14.2 Fighting
 - Level 2.0 Staves
 - Level 3.2 Armour
 + Level 12.1 Shields


You had 7 spell levels left.
You didn't know any spells.
Your spell library was empty.

Dungeon Overview and Level Annotations

Branches:
Dungeon (1/1)

Altars:


Innate Abilities, Weirdness & Mutations

You cannot be hasted, slowed, berserked, paralysed or teleported.
You can dig through walls and to a lower floor.
Your four strong arms can wield two-handed weapons with a shield.
You have a pair of large antennae on your head. (SInv)


Message History

There is an open door, spattered with blood here.
You open the door. 2 tyrant leeches come into view.
Found 243 gold pieces.
There is an open door, spattered with blood here.
Things that are here:
a +0 spear; a merfolk skeleton You hit the tyrant leech.
The tyrant leech is lightly wounded.
You thump the tyrant leech!
The tyrant leech is moderately wounded.
The tyrant leech bites you!
* * * LOW HITPOINT WARNING * * *
The tyrant leech draws strength from your injuries!
You closely miss the tyrant leech.
The tyrant leech is lightly wounded.
You hit the tyrant leech.
The tyrant leech is lightly wounded.
The tyrant leech bites you!
You die...

{ { { { {{ {{ ###
## ##.###+###.##
#..†##.##w..#
...'≈'.##'†<.w@#
...#M#...##.##...#
▓### ##.###'###.##
### ### .#. ## ..
w. ##. $## { ## ##


You could see 2 tyrant leeches.

Vanquished Creatures
  A merfolk siren (D)
  Menkaure (D)
  4 necrophages (D)
6 creatures vanquished.

Notes
Turn   | Place    | Note
-------+----------+-------------------------------------------
     0 | D        | Denreik the Formicid Fighter began the quest for the Orb.
     0 | D        | Reached XP level 1. HP: 18/18 MP: 1/1
     1 | D        | Noticed a necrophage
     1 | D        | Noticed a necrophage
     1 | D        | Noticed a necrophage
     1 | D        | Noticed a necrophage
    10 | D        | Killed a necrophage
    10 | D        | Reached skill level 8 in Fighting
    10 | D        | Reached XP level 2. HP: 23/30 MP: 2/2
    10 | D        | Reached XP level 3. HP: 27/35 MP: 3/3
    10 | D        | Reached XP level 4. HP: 32/42 MP: 4/4
    16 | D        | Killed a necrophage
    16 | D        | Reached skill level 10 in Fighting
    16 | D        | Reached XP level 5. HP: 38/50 MP: 5/5
    23 | D        | Killed a necrophage
    23 | D        | Reached skill level 11 in Fighting
    23 | D        | Reached XP level 6. HP: 41/58 MP: 6/6
    28 | D        | Killed a necrophage
    28 | D        | Reached skill level 12 in Fighting
    28 | D        | Reached skill level 10 in Shields
    90 | D        | Noticed Menkaure
   101 | D        | Killed Menkaure
   101 | D        | Reached XP level 7. HP: 59/67 MP: 7/7
   104 | D        | Noticed a merfolk siren
   117 | D        | Killed a merfolk siren
   117 | D        | Reached skill level 14 in Fighting
   117 | D        | Reached XP level 8. HP: 23/77 MP: 8/8
   124 | D        | Noticed a tyrant leech
   124 | D        | Noticed a tyrant leech
   131 | D        | Slain by a tyrant leech

Vault maps used:
D:        the_violet_keep_of_menkaure

Skill      XL: |  1  2  3  4  5  6  7 |
---------------+----------------------+-----
Fighting       | 8 10 11 12 14 | 14.2
Shields        | 7 8 9 10 12 | 12.1
Staves         | |  2.0
Armour         | |  3.2

Action                   |  1- 3 |  4- 6 |  7- 9 || total
-------------------------+-------+-------+-------++-------
Melee: Quarterstaff      |     8 |    21 |    16 ||    45
  Use: Potion            |       |     1 |       ||     1
Armor: Scale mail        |     2 |     2 |       ||     4
Dodge: Dodged            |       |     4 |       ||     4
Block: Shield            |     3 |    10 |     3 ||    16

Table legend:
 A = Non-vault XP
 B = Vault XP
 C = Vault XP percentage of total XP
 D = Non-vault monster count
 E = Vault monster count
 F = Vault count percentage of total count
                 A         B        C        D         E       F
            +---------+---------+-------+---------+---------+-------
      Total |       0 |    1094 | 100.0 |       0 |       6 | 100.0
            +---------+---------+-------+---------+---------+-------
          D |       0 |    1094 | 100.0 |       0 |       6 | 100.0
            +---------+---------+-------+---------+---------+-------
